 Dungeon Crawl Stone Soup version 0.30-a0-137-gd8773701ce (webtiles) character file.

Game seed: 1541851167999513201

1624 jimonade the Skirmisher (level 9, -5/61 HPs)
             Began as a Formicid Hunter on Sept 23, 2022.
             Killed from afar by an acid dragon (31 damage)
             ... with a splash of acid
             ... on level 8 of the Dungeon.
             The game lasted 00:20:22 (6189 turns).

jimonade the Skirmisher (Formicid Hunter)           Turns: 6189, Time: 00:20:23

Health: -5/61      AC:  3    Str: 15    XL:     9   Next: 17%
Magic:  9/9        EV: 11    Int: 10    God:
Gold:   306        SH: 11    Dex: 21    Spells: 8/8 levels left

rFire   . . .      SeeInvis +    a - +1 shortbow
rCold   . . .      Faith    .    r - +0 kite shield
rNeg    + . .      Spirit   .    u - +0 troll leather armour {Pargi}
rPois   +          Reflect  .    (helmet unavailable)
rElec   .          Harm     .    C - +2 cloak {Will+}
rCorr   .          Rampage  .    (no gloves)
Will    +....                    (no boots)
Stlth   ++........               l - amulet of magic regeneration
HPRegen 1.00/turn                s - ring of poison resistance
MPRegen 0.51/turn                x - ring of positive energy

@: corroded
A: permanent stasis, dig shafts and tunnels, antennae 3, four strong arms
a: Dig, Shaft Self


You were on level 8 of the Dungeon.
You visited 1 branch of the dungeon, and saw 6 of its levels.
You also visited: Sewer.

You collected 306 gold pieces.

Inventory:

Hand Weapons
 a - a +1 shortbow (weapon)
 b - a +2 dagger of venom
 j - a +0 sling
 k - a +0 spear
Armour
 m - a +0 ring mail
 n - a +2 plate armour of willpower
 p - a +3 leather armour
 r - a +0 kite shield (worn)
 t - a scarf of harm
 u - a +0 troll leather armour (worn) {Pargi}
 C - a +2 cloak of willpower (worn)
Magical Staves
 q - a staff of poison
Jewellery
 e - a ring of protection from cold
 l - an amulet of magic regeneration (around neck)
 s - a ring of poison resistance (left hand)
 x - a ring of positive energy (right hand)
Wands
 B - a wand of paralysis (5)
Scrolls
 c - 2 scrolls of immolation
 w - a scroll of enchant weapon
 y - a scroll of identify
 A - a scroll of amnesia
Potions
 d - a potion of lignification
 f - 3 potions of flight {unknown}
 h - a potion of attraction {unknown}
 i - a potion of might {unknown}
 o - a potion of curing {unknown}
 v - a potion of heal wounds {unknown}
 z - a potion of invisibility {unknown}


   Skills:
 - Level 2.1 Fighting
 + Level 10.9 Ranged Weapons
 - Level 1.7 Dodging
 - Level 1.2 Stealth
 * Level 5.2 Shields


You had 8 spell levels left.
You didn't know any spells.
Your spell library contained the following spells:

 Spells                   Type           Power      Damage    Failure   Level
 Sublimation of Blood     Necr           0%         N/A       85%         2
 Petrify                  Tmut/Erth      0%         N/A       100%        4
 Irradiate                Conj/Tmut      0%         3d11      100%        5


Dungeon Overview and Level Annotations

Branches:
Dungeon (5/15)               Lair (0/5) D:8           Sewer (visited)
 Temple: D:4-7

Altars:
Dithmenos
Kikubaaqudgha
Uskayaw

Shops:
D:3 (****

Annotations:
D:4 Grinder
D:5 Pikel


Innate Abilities, Weirdness & Mutations

You cannot be hasted, slowed, berserked, paralysed or teleported.
You can dig through walls and to a lower floor.
You have a pair of large antennae on your head. (SInv)
Your four strong arms can wield two-handed weapons with a shield.


Message History

The acid dragon closely misses you. The acid dragon claws you.
You shoot an arrow.
The arrow closely misses the acid dragon.
The acid dragon spits acid at you. You block the splash of acid.
The acid dragon misses you. You block the acid dragon's attack.
You hear a shout! x2
You shoot an arrow. The arrow hits the acid dragon.
The acid dragon is moderately wounded.
You block the acid dragon's attack.
The acid dragon claws you but does no damage.
You shoot an arrow.
The arrow barely misses the acid dragon.
The acid dragon spits acid at you. The splash of acid hits you!
The acid corrodes you!
You shoot an arrow. The arrow hits the acid dragon.
The acid dragon is heavily wounded.
The acid dragon bites you! You block the acid dragon's attack.
You shoot an arrow.
The arrow hits the acid dragon but does no damage.
The acid dragon is heavily wounded.
The acid dragon bites you! The acid dragon closely misses you.
You are too injured to fight recklessly!
Fire: a) +1 shortbow
Press: ? - help, Q - select action, (/) - cycle Shift-Dir - straight line, f/p - acid dragon
Aim: an acid dragon (heavily wounded, 69% to hit)
You shoot an arrow. The arrow hits the acid dragon.
The acid dragon is heavily wounded.
You block the acid dragon's attack. The acid dragon claws you.
Fire: a) +1 shortbow
Press: ? - help, Q - select action, (/) - cycle Shift-Dir - straight line, f/p - acid dragon
Aim: an acid dragon (heavily wounded, 69% to hit)
You shoot an arrow.
The arrow hits the acid dragon but does no damage.
The acid dragon is heavily wounded.
You block the acid dragon's attack. x2
The acid dragon spits acid at you. The splash of acid hits you!!
Ouch! That really hurt!
You die...

#.......................
#...........##.#'######.
#.########.###.#.#
.....).....###.#.# #
#.#######......#.######.#
#......##.###..#........#
#......##............#...
#..##.###.......D....#
)).##.?.........@....#
##.##.####...........#
#......###...........#
#................$...#
#....###########.###.#
.............. #.# .>#
#.#...######## #.. ###
..#...# ##. ###...#


You could see an acid dragon (catching breath).

Vanquished Creatures
  Maurice (D:8)
  Pargi (D:4)
  2 orc warriors
  A black bear (D:5)
  A kobold brigand (D:8)
  3 bullfrogs
  4 wights (D:8)
  A howler monkey (D:8)
  A jelly (D:4)
  An orc priest (D:5)
  An iguana (D:4)
  3 orc wizards
  3 gnolls (D:2)
  10 adders
  4 worms
  4 dart slugs
  9 orcs
  11 endoplasms
  5 giant cockroaches
  5 goblins
  10 hobgoblins
  4 jackals (D:3)
  9 quokkas
  9 ball pythons
  2 bats
  17 frilled lizards
  12 kobolds
  7 rats
141 creatures vanquished.

Notes
Turn   | Place    | Note
-------+----------+-------------------------------------------
     0 | D:1      | jimonade the Formicid Hunter began the quest for the Orb.
     0 | D:1      | Reached XP level 1. HP: 16/16 MP: 1/1
   549 | D:1      | Reached XP level 2. HP: 22/22 MP: 2/2
  1092 | D:1      | Reached XP level 3. HP: 27/27 MP: 3/3
  1096 | D:1      | Found a faded altar of an unknown god.
  1537 | D:2      | Reached skill level 5 in Ranged Weapons
  1614 | D:2      | Reached XP level 4. HP: 9/33 MP: 4/4
  2231 | D:2      | Reached XP level 5. HP: 38/38 MP: 5/5
  2266 | D:2      | Reached skill level 6 in Ranged Weapons
  2797 | D:3      | Found Athrokhle's General Store.
  2834 | D:3      | Found Jitent's General Store.
  2852 | D:3      | Found a shadowy altar of Dithmenos.
  2852 | D:3      | Found an ancient bone altar of Kikubaaqudgha.
  2852 | D:3      | Found a hide-covered altar of Uskayaw.
  2920 | D:3      | Found Ohua's Weapon Boutique.
  3024 | D:3      | Found a glowing drain.
  3028 | Sewer    | Entered a sewer
  3083 | Sewer    | Reached XP level 6. HP: 44/44 MP: 6/6
  3304 | Sewer    | Reached skill level 7 in Ranged Weapons
  3405 | Sewer    | Reached XP level 7. HP: 16/50 MP: 7/7
  3719 | D:3      | Found Yvvulunk's Assorted Antiques.
  3890 | D:3      | Found Waqomij's General Store.
  4051 | D:4      | Noticed Pargi
  4091 | D:4      | Killed Pargi
  4092 | D:4      | Reached skill level 8 in Ranged Weapons
  4092 | D:4      | Reached skill level 1 in Shields
  4409 | D:4      | Noticed Grinder
  5003 | D:5      | Entered Level 5 of the Dungeon
  5565 | D:5      | Reached skill level 9 in Ranged Weapons
  5565 | D:5      | Reached XP level 8. HP: 56/56 MP: 8/8
  5694 | D:5      | Noticed Pikel
  5711 | D:5      | You fall into a shaft and drop 3 floors!
  5822 | D:8      | Noticed Maurice
  5894 | D:8      | Killed Maurice
  5895 | D:8      | Reached skill level 10 in Ranged Weapons
  6024 | D:8      | Reached XP level 9. HP: 47/61 MP: 9/9
  6075 | D:8      | Reached skill level 5 in Shields
  6177 | D:8      | Found a staircase to the Lair.
  6189 | D:8      | Killed from afar by an acid dragon

Illustrated notes

Levels and vault maps discovered:
D:1:      nzn_arrival_depleted_hourglass, layout_loops_ring,
          ebering_ecumenical_altar_mist, nrook_mini_backslash
D:2:      layout_basic, minmay_puff
D:3:      layout_rooms, gammafunk_temple_overflow_claw, serial_shops,
          nicolae_shop_hallway_plus, nicolae_shop_overgrown_old_shop,
          nicolae_shop_behind_doors, nicolae_shop_crystal,
          nicolae_shop_bloodbath_and_beyond, gup_sewer_entry_bowl
D:4:      layout_gridville, hangedman_decor_lopped, uniq_crazy_yiuf_cottage,
          uniq_grinder, uniq_pargi
D:5:      layout_loops_corners, minmay_temple_entry_proselytizer, uniq_menkaure,
          uniq_pikel
D:8:      layout_basic, kennysheep_little_box, lair_entry_dummy, serial_shops,
          shop, uniq_amaemon, uniq_maurice

Skill      XL: |  1  2  3  4  5  6  7  8  9 |
---------------+----------------------------+-----
Ranged Weapons | 5 6 7 9 10 | 10.9
Shields        | 3 4 5 |  5.2
Fighting       | |  2.1
Dodging        | |  1.7
Stealth        | |  1.2

Action                   |  1- 3 |  4- 6 |  7- 9 || total
-------------------------+-------+-------+-------++-------
 Fire: Shortbow          |    95 |   205 |   223 ||   523
 Abil: Dig               |       |       |     3 ||     3
       Shaft Self        |       |       |     1 ||     1
  Use: Scroll            |       |     6 |       ||     6
Armor: Leather armour    |     8 |    54 |    13 ||    75
       Ring mail         |       |     1 |       ||     1
       Troll leather arm |       |       |    11 ||    11
Dodge: Dodged            |    34 |    75 |    52 ||   161
Block: Kite shield       |       |       |    66 ||    66

Table legend: (Time is in decaauts)
 A = Elapsed time spent in this place.
 B = Non-inter-level travel time spent in this place.
 C = Inter-level travel time spent in this place.
 D = Time resting spent in this place.
 E = Time spent auto-exploring this place.
 F = Levels seen in this place.
 G = Mean time per level.
                   A        B        C        D        E       F      G
               +--------+--------+--------+--------+--------+-----+--------+
         Total |   6396 |   6157 |    239 |    880 |   2934 |   7 |  913.7 |
       Dungeon |   5654 |   5415 |    239 |    688 |   2744 |   6 |  942.3 |
         Sewer |    741 |    741 |      0 |    192 |    190 |   1 |  741.0 |
               +--------+--------+--------+--------+--------+-----+--------+

Top non-repeatable levels by time:
     D:1: 1509 daAuts
     D:2: 1309 daAuts
     D:4: 1030 daAuts
   Sewer: 741 daAuts
     D:5: 706 daAuts
     D:3: 604 daAuts
     D:8: 493 daAuts
